 Dungeon Crawl Stone Soup version 0.27-a0-1200-g94dc6ad4cf (webtiles) character file.

Game seed: 16386612550820845258

29 bande the Skirmisher (level 3, 0/24 HPs)
             Began as a Gargoyle Fighter on May 31, 2021.
             Slain by a goblin
             ... wielding a +0 club
              (1 damage)
             ... on level 1 of the Dungeon.
             The game lasted 00:01:19 (835 turns).

bande the Skirmisher (Gargoyle Fighter)              Turns: 835, Time: 00:01:20

Health: 0/24       AC: 12    Str: 19    XL:     3   Next: 16%
Magic:  3/3        EV:  5    Int:  8    God:
Gold:   52         SH:  9    Dex: 16    Spells: 2/2 levels left

rFire    . . .     SeeInvis .   a - +0 war axe
rCold    . . .     Faith    .   c - +0 kite shield
rNeg     + . .     Spirit   .   f - +0 chain mail
rPois    ∞         Reflect  .   (no helmet)
rElec    +         Harm     .   (no cloak)
rCorr    .         Rampage  .   (no gloves)
Will     .....                  (no boots)
Stlth    ..........             (no amulet)
HPRegen  0.08/turn              e - +6 ring of dexterity
MPRegen  0.08/turn              (no ring)

@: mighty
A: sickness immunity, AC +3, negative energy resistance 1, electricity
resistance, torment resistance 1, petrification resistance
a: no special abilities


You were on level 1 of the Dungeon.
You visited 1 branch of the dungeon, and saw 2 of its levels.

You collected 52 gold pieces.

Inventory:

Hand Weapons
 a - a +0 war axe (weapon)
Armour
 c - a +0 kite shield (worn)
 f - a +0 chain mail (worn)
Jewellery
 e - a +6 ring of dexterity (left hand)
Scrolls
 b - a scroll of enchant armour {unknown}
 g - a scroll of blinking {unknown}


   Skills:
 + Level 3.7 Fighting
 + Level 2.0 Axes
 + Level 3.6 Armour
 + Level 0.1 Dodging
 + Level 3.6 Shields


You had 2 spell levels left.
You didn't know any spells.
Your spell library was empty.

Dungeon Overview and Level Annotations

Branches:
Dungeon (2/15)

Altars:

Annotations:
D:1 Ijyb


Innate Abilities, Weirdness & Mutations

You are immune to sickness and miasma.
Your stone body is resilient. (AC +3)
You are immune to poison.
You resist negative energy. (rN+)
You are resistant to electric shocks. (rElec)
You are resistant to unholy torment.
You are immune to petrification.


Message History

There is a stone staircase leading up here.
The goblin closely misses you. The goblin barely misses you.
The goblin shoots a stone.
The stone hits you but does no damage. The goblin hits you but does no damage.
Ijyb hits you with a +0 club.
* * * LOW HITPOINT WARNING * * *
You climb upwards.
There is a stone staircase leading down here.
You feel very mighty all of a sudden. The goblin hits you but does no damage.
You block Ijyb's attack.
You hit Ijyb.
Ijyb is lightly wounded.
You slash the goblin!
You kill the goblin!
Ijyb hits you with a +0 club.
* * * LOW HITPOINT WARNING * * *
You block the goblin's attack.
You closely miss Ijyb.
Ijyb is lightly wounded.
You closely miss the goblin. Ijyb screams, "Me stronger than you!"
You block Ijyb's attack. The goblin hits you but does no damage.
Ijyb hits you but does no damage. The goblin hits you but does no damage.
Unknown command.
You slash Ijyb!
Ijyb is heavily wounded.
You closely miss the goblin. Ijyb hits you but does no damage.
The goblin barely misses you. Ijyb hits you but does no damage.
Unknown command.
Your shield prevents you from hitting Ijyb.
Ijyb is heavily wounded.
You miss the goblin. You block the goblin's attack.
Ijyb hits you but does no damage. You block the goblin's attack.
You miss Ijyb.
Ijyb is heavily wounded.
Your chain mail prevents you from hitting the goblin.
Ijyb hits you with a +0 club.
* * * LOW HITPOINT WARNING * * *
The goblin completely misses you. You block Ijyb's attack.
The goblin hits you with a +0 club.
You die...

#### ###### #..# #.....
############### #..## ##.####
..............# #...# ##..#
######........# #...# #[.#####
##########.## ###.# #.###... #
#.# ###.#..######.# ##.# #...
####'####..##.gg@g....###..###...
..'.[.'..####..#####.............
###.<.#### #..##.......######.†.
..'...'..########.####..# #.[.
####'####..## ##..# #..# #... #
#.# ###.###..## ##.### #... ##
###### ##.>..## #.).####### .#
##.# ###### ##.......... .# #..#
###..#########


You could see Ijyb and 2 goblins.

Vanquished Creatures
  A dart slug (D:1)
  An endoplasm (D:1)
  7 goblins (D:1)
  A hobgoblin (D:1)
  2 jackals (D:1)
  6 kobolds (D:1)
  A quokka (D:1)
  A bat (D:1)
  2 frilled lizards (D:1)
  2 rats (D:1)
24 creatures vanquished.

Notes
Turn   | Place    | Note
-------+----------+-------------------------------------------
     0 | D:1      | bande the Gargoyle Fighter began the quest for the Orb.
     0 | D:1      | Reached XP level 1. HP: 14/14 MP: 1/1
   313 | D:1      | Reached XP level 2. HP: 17/19 MP: 2/2
   506 | D:1      | Reached XP level 3. HP: 14/24 MP: 3/3
   794 | D:2      | Noticed Ijyb
   835 | D:1      | HP: 1/24 [Ijyb/+0 club (3)]
   835 | D:1      | Slain by a goblin

Illustrated notes

Levels and vault maps discovered:
D:1:      dpeg_arrival_radiant, layout_rooms, ebering_dispersal_statue_hall,
          chequers_serial_rivers_large_a
D:2:      kennysheep_the_goblin_king, layout_rooms, basic_altar,
          hellmonk_ecumenical_altar_arch_garden

Skill      XL: |  1  2 |
---------------+-------+-----
Axes           | 2 |  2.0
Fighting       | |  3.7
Armour         | |  3.6
Dodging        | |  0.1
Shields        | |  3.6

Action                   || total
-------------------------++-------
Melee: War axe           ||    70
  Use: Potion            ||     1
Armor: Scale mail        ||    18
       Chain mail        ||    58
Dodge: Dodged            ||    31
Block: Kite shield       ||    56

Table legend: (Time is in decaauts)
 A = Elapsed time spent in this place.
 B = Non-inter-level travel time spent in this place.
 C = Inter-level travel time spent in this place.
 D = Time resting spent in this place.
 E = Time spent auto-exploring this place.
 F = Levels seen in this place.
 G = Mean time per level.
                   A        B        C        D        E       F      G
               +--------+--------+--------+--------+--------+-----+--------+
         Total |    883 |    872 |     11 |    130 |    501 |   2 |  441.5 |
       Dungeon |    883 |    872 |     11 |    130 |    501 |   2 |  441.5 |
               +--------+--------+--------+--------+--------+-----+--------+

Top non-repeatable levels by time:
     D:1: 871 daAuts
     D:2: 12 daAuts
